 Dungeon Crawl Stone Soup version 0.27.0-1-g7a089689b8 (webtiles) character file.

Game seed: 2722523170634379034

149 BOMJPIETVODKU the Digger (level 5, -2/37 HPs)
             Began as a Gnoll Earth Elementalist on Aug 3, 2021.
             Succumbed to a scorpion's poison
             ... on level 3 of the Dungeon.
             The game lasted 00:09:19 (3653 turns).

BOMJPIETVODKU the Digger (Gnoll Earth Elementalist) Turns: 3653, Time: 00:09:19

Health: -2/37      AC:  2    Str:  7    XL:     5   Next: 31%
Magic:  6/12       EV: 13    Int: 15    God:
Gold:   105        SH:  4    Dex: 13    Spells: 11/14 levels left

rFire    . . .     SeeInvis .   d - +2 dagger (venom)
rCold    . . .     Faith    .   k - +0 buckler
rNeg     . . .     Spirit   .   b - +0 robe
rPois    .         Reflect  .   (no helmet)
rElec    .         Harm     .   (no cloak)
rCorr    .         Rampage  .   (no gloves)
Will     .....                  (no boots)
Stlth    +++.......             (no amulet)
HPRegen  0.12/turn              (no ring)
MPRegen  0.13/turn              (no ring)

@: mighty, lethally poisoned (-2 -> -23)
A: fangs 1, strong nose, distributed training
a: no special abilities


You were on level 3 of the Dungeon.
You visited 1 branch of the dungeon, and saw 3 of its levels.

You collected 105 gold pieces.

Inventory:

Hand Weapons
 d - a +2 dagger of venom (weapon)
Missiles
 f - 45 stones
Armour
 b - a +0 robe (worn)
 k - a +0 buckler (worn)
Wands
 l - a wand of digging (4)
Scrolls
 h - a scroll of amnesia {unknown}
 m - a scroll of vulnerability {unknown}
 n - a scroll of enchant weapon {unknown}
Potions
 a - a potion of mutation {unknown}
 c - a potion of flight {unknown}
 e - a potion of ambrosia {unknown}
 g - 2 potions of might
 i - a potion of attraction {unknown}
 j - 3 potions of brilliance {unknown}


   Skills:
 + Level 1.4 Fighting
 + Level 1.4 Short Blades
 + Level 1.4 Long Blades
 + Level 1.4 Axes
 + Level 1.4 Maces & Flails
 + Level 1.4 Polearms
 + Level 1.4 Staves
 + Level 1.4 Slings
 + Level 1.4 Bows
 + Level 1.4 Crossbows
 + Level 1.4 Throwing
 + Level 1.4 Armour
 + Level 4.7 Dodging
 + Level 4.4 Stealth
 + Level 1.4 Shields
 + Level 1.4 Unarmed Combat
 + Level 5.2 Spellcasting
 + Level 1.1 Conjurations
 + Level 1.1 Hexes
 + Level 1.1 Summonings
 + Level 1.1 Necromancy
 + Level 1.1 Translocations
 + Level 2.3 Transmutations
 + Level 1.1 Fire Magic
 + Level 1.1 Ice Magic
 + Level 1.1 Air Magic
 + Level 5.5 Earth Magic
 + Level 1.1 Poison Magic
 + Level 1.6 Invocations
 + Level 1.4 Evocations


You had 11 spell levels left.
You knew the following spells:

 Your Spells              Type           Power      Damage    Failure   Level
a - Sandblast             Erth           40%        2d10      2%          1
b - Passwall              Tmut/Erth      12%        N/A       6%          2

Your spell library contained the following spells:

 Spells                   Type           Power      Damage    Failure   Level
 Summon Small Mammal      Summ           28%        N/A       14%         1
 Stone Arrow              Conj/Erth      26%        3d8       17%         3
 Call Canine Familiar     Summ           7%         N/A       38%         3
 Summon Guardian Golem    Hex/Summ       7%         N/A       38%         3
 Petrify                  Tmut/Erth      15%        N/A       38%         4


Dungeon Overview and Level Annotations

Branches:
Dungeon (3/15)

Altars:
Gozag


Innate Abilities, Weirdness & Mutations

You have very sharp teeth.
Your uncanny sense of smell can sniff out nearby items.
Your experience applies equally to all skills.


Message History

The scorpion closely misses you.
The blast of sand hits the scorpion!
The scorpion is heavily wounded.
The scorpion stings you!
You are poisoned.
The scorpion poisons you! The scorpion completely misses you.
The blast of sand hits the scorpion.
The scorpion is heavily wounded.
You feel very sick. The scorpion stings you.
You are more poisoned.
The scorpion poisons you!
The blast of sand hits the scorpion.
The scorpion is heavily wounded.
You feel very sick. The scorpion barely misses you.
You are too injured to fight recklessly!
You are too injured to fight recklessly!
You are too injured to fight recklessly!
You feel very sick.
Aiming: Sandblast (safe; 2% risk of failure)
Press: ? - help, Q - select action, (/) - cycle Shift-Dir - straight line, f/p - scorpion
Aim: a scorpion (heavily wounded, 81% to hit)
The blast of sand hits the scorpion.
The scorpion is almost dead.
* * * LOW HITPOINT WARNING * * *
You feel very sick. The scorpion barely misses you.
Aiming: Sandblast (safe; 2% risk of failure)
Press: ? - help, Q - select action, (/) - cycle Shift-Dir - straight line, f/p - scorpion
Aim: a scorpion (almost dead, 81% to hit)
The blast of sand misses the scorpion.
You feel sick. The scorpion stings you.
* * * LOW HITPOINT WARNING * * *
You are more poisoned.
The scorpion poisons you! The scorpion stings you.
* * * LOW HITPOINT WARNING * * *
It was a potion of might.
You feel very mighty all of a sudden.
You die...

..........##.## #.##.#
..............# #.##.###
#######.#####.###......#
.... #............#
###.# #.#..###.....# #.#
#.#...##.....# #.
#.#.#.##.....# ∆∆
#...#..[.....#
#@###..##....#
#s.....###.###
..............##.#
..###.#<####..##.#
...### #... .# ..# #.
.... #. #.( #.∆


You could see a scorpion.

Vanquished Creatures
  5 adders
  2 worms
  6 dart slugs
  5 orcs
  4 bats
  7 endoplasms
  4 giant cockroaches
  6 goblins
  5 hobgoblins
  4 jackals (D:1)
  7 quokkas
  8 ball pythons
  2 frilled lizards (D:1)
  7 kobolds
  3 rats
75 creatures vanquished.

Notes
Turn   | Place    | Note
-------+----------+-------------------------------------------
     0 | D:1      | BOMJPIETVODKU the Gnoll Earth Elementalist began the quest
                  | for the Orb.
     0 | D:1      | Reached XP level 1. HP: 13/13 MP: 6/6
   254 | D:1      | Reached XP level 2. HP: 16/19 MP: 5/7
   673 | D:1      | Reached XP level 3. HP: 25/25 MP: 6/9
   758 | D:1      | Reached skill level 5 in Spellcasting
   800 | D:1      | Found a faded altar of an unknown god.
   866 | D:1      | Learned a level 2 spell: Passwall
   971 | D:1      | Reached skill level 1 in Invocations
  1464 | D:2      | Reached skill level 1 in Fighting
  1464 | D:2      | Reached skill level 1 in Short Blades
  1464 | D:2      | Reached skill level 1 in Long Blades
  1464 | D:2      | Reached skill level 1 in Axes
  1464 | D:2      | Reached skill level 1 in Maces & Flails
  1464 | D:2      | Reached skill level 1 in Polearms
  1464 | D:2      | Reached skill level 1 in Staves
  1464 | D:2      | Reached skill level 1 in Slings
  1464 | D:2      | Reached skill level 1 in Bows
  1464 | D:2      | Reached skill level 1 in Crossbows
  1464 | D:2      | Reached skill level 1 in Throwing
  1464 | D:2      | Reached skill level 1 in Armour
  1464 | D:2      | Reached skill level 1 in Shields
  1464 | D:2      | Reached skill level 1 in Unarmed Combat
  1464 | D:2      | Reached skill level 1 in Evocations
  1587 | D:2      | Reached XP level 4. HP: 18/32 MP: 6/11
  2211 | D:2      | Reached skill level 1 in Conjurations
  2211 | D:2      | Reached skill level 1 in Hexes
  2211 | D:2      | Reached skill level 1 in Summonings
  2211 | D:2      | Reached skill level 1 in Necromancy
  2211 | D:2      | Reached skill level 1 in Translocations
  2211 | D:2      | Reached skill level 1 in Fire Magic
  2211 | D:2      | Reached skill level 1 in Ice Magic
  2211 | D:2      | Reached skill level 1 in Air Magic
  2211 | D:2      | Reached skill level 1 in Poison Magic
  2883 | D:3      | Reached XP level 5. HP: 37/37 MP: 7/12
  3521 | D:3      | Found an opulent altar of Gozag.
  3652 | D:3      | HP: 1/37 [scorpion (3)]
  3653 | D:3      | Succumbed to a scorpion's poison

Illustrated notes

Levels and vault maps discovered:
D:1:      mrwooster_arrival_arrow, layout_loops_ring, basic_ecumenical_altar,
          serial_glass, glass_columns_c, glass_columns_a, glass_columns_a,
          glass_columns_b, glass_columns_a, glass_columns_b,
          roderic_roman_lattice
D:2:      layout_loops_corners, kennysheep_generic_room_16
D:3:      layout_basic, nicolae_gozag_cash_rules_everything_around_me

Skill      XL: |  1  2  3  4 |
---------------+-------------+-----
Transmutations | 2 |  2.3
Spellcasting   | 5 |  5.2
Invocations    | 1 |  1.6
Fighting       | 1 |  1.4
Short Blades   | 1 |  1.4
Long Blades    | 1 |  1.4
Axes           | 1 |  1.4
Maces & Flails | 1 |  1.4
Polearms       | 1 |  1.4
Staves         | 1 |  1.4
Slings         | 1 |  1.4
Bows           | 1 |  1.4
Crossbows      | 1 |  1.4
Throwing       | 1 |  1.4
Armour         | 1 |  1.4
Shields        | 1 |  1.4
Unarmed Combat | 1 |  1.4
Evocations     | 1 |  1.4
Conjurations   | 1 |  1.1
Hexes          | 1 |  1.1
Summonings     | 1 |  1.1
Necromancy     | 1 |  1.1
Translocations | 1 |  1.1
Fire Magic     | 1 |  1.1
Ice Magic      | 1 |  1.1
Air Magic      | 1 |  1.1
Poison Magic   | 1 |  1.1
Dodging        | |  4.7
Stealth        | |  4.4
Earth Magic    | |  5.5

Action                   |  1- 3 |  4- 6 || total
-------------------------+-------+-------++-------
Melee: Unarmed           |     7 |       ||     7
       Dagger            |    30 |    20 ||    50
       Bite              |     5 |     2 ||     7
 Cast: Sandblast         |    45 |    65 ||   110
  Use: Potion            |       |     1 ||     1
 Stab: Sleeping          |     1 |     5 ||     6
Armor: Robe              |     3 |     2 ||     5
Dodge: Dodged            |    46 |    26 ||    72
Block: Buckler           |       |     6 ||     6
